 Dungeon Crawl Stone Soup version 0.22-a0-776-ge6d7efa (webtiles) character file.

21120 inmateoo the Cleaver (level 12, -2/142 HPs)
             Began as a Demonspawn Wanderer on July 18, 2018.
             Was a High Priest of Trog.
             Slain by a tengu warrior
             ... wielding a +0 great mace
             ... led by a tengu warrior
              (4 damage)
             ... on level 13 of the Dungeon.
             The game lasted 00:29:00 (11839 turns).

inmateoo the Cleaver (Demonspawn Wanderer)         Turns: 11839, Time: 00:29:01

Health: -2/142     AC: 26    Str: 21    XL:     12   Next: 51%
Magic:  19/19      EV: 11    Int: 14    God:    Trog [*****.]
Gold:   2244       SH:  0    Dex: 10    Spells: 20/20 levels left

rFire    + + .     SeeInvis .   P - +1 broad axe (elec)
rCold    . . .     Gourm    .   (no shield)
rNeg     . . .     Faith    .   u - +1 chain mail of Koomum {rF++ Dex-4}
rPois    .         Spirit   .   v - +2 hat
rElec    .         Reflect  .   k - +2 cloak
rCorr    .         Harm     .   (gloves unavailable)
MR       +....                  (no boots)
Stlth    ..........             (no amulet)
HPRegen  0.33/turn              a - ring of protection from magic
MPRegen  0.16/turn              i - +4 ring of evasion

@: berserking, sanguine armour, very quick
A: claws 3, demonic guardian 1, spiny 2, sanguine armour 3
a: Berserk, Trog's Hand, Brothers in Arms, Renounce Religion


You were on level 13 of the Dungeon.
You worshipped Trog.
Trog was extremely pleased with you.
You were near starving.

You visited 2 branches of the dungeon, and saw 14 of its levels.
You also visited: Bailey.

You collected 2244 gold pieces.

Inventory:

Hand Weapons
 B - a +0 broad axe of chopping
 E - the +6 Majin-Bo {vamp, Archmagi MP+6 Int+6}
   (You found it on level 6 of the Dungeon)

   It inflicts no extra harm, but heals its wielder when it wounds a living foe.
   It affects your intelligence (+6).
   It affects your magic capacity (+6).
 P - a +1 broad axe of electrocution (weapon)
Armour
 e - a +0 leather armour of fire resistance
 k - a +2 cloak (worn)
 u - the +1 chain mail of Koomum (worn) {rF++ Dex-4}
   (You took it off an orc on level 4 of the Dungeon)

   It affects your dexterity (-4).
   It greatly protects you from fire.
 v - a +2 hat (worn)
Jewellery
 a - a ring of protection from magic (left claw)
 b - an uncursed ring of positive energy
 i - a +4 ring of evasion (right claw)
 m - an uncursed ring of magical power
Wands
 t - a wand of polymorph (13)
 y - a wand of disintegration (18)
 D - a wand of clouds (1)
 G - a wand of flame (34)
 K - a wand of paralysis (23)
 L - a wand of iceblast (18)
Scrolls
 g - 2 scrolls of magic mapping
 l - 3 scrolls of remove curse
 p - 2 scrolls of enchant armour
 w - 6 scrolls of teleportation
 x - 2 scrolls of blinking
Potions
 c - 6 potions of flight
 d - 3 potions of resistance
 j - a potion of magic
 n - 3 potions of agility
 o - a potion of invisibility
 q - a potion of might
 r - a potion of ambrosia
 z - 2 potions of haste
 A - 2 potions of curing
 I - a potion of mutation {unknown}
 M - a potion of brilliance {unknown}
Miscellaneous
 N - a lamp of fire
Comestibles
 f - 29 rations


   Skills:
 + Level 9.3 Fighting
 * Level 14.7 Axes
   Level 2.2(10.1) Maces & Flails
 - Level 9.0 Stealth
   Level 1.0 Shields
 - Level 4.9 Spellcasting
   Level 1.7 Earth Magic
   Level 2.0 Poison Magic


You had 20 spell levels left.
You didn't know any spells.
Your spell library contained the following spells:

 Spells                   Type           Power        Failure   Level  Hunger
 Stone Arrow              Conj/Erth      #.....       99%         3    ###....
 Spider Form              Tmut/Pois      #.........   99%         3    ###....
 Passwall                 Tmut/Erth      #.......     91%         2    ##.....
 Lee's Rapid Deconstruct  Erth           #.........   100%        5    ######.
 Sandblast                Erth           #.....       69%         1    None
 Petrify                  Tmut/Erth      #.......     100%        4    ####...
 Beastly Appendage        Tmut           #.....       90%         1    None


Dungeon Overview and Level Annotations

Branches:
Dungeon (13/15)            Temple (1/1) D:7            Lair (0/6) D:11
    Orc (0/2) D:9
 Vaults: D:13-14

Altars:
Ashenzari
Cheibriados
Dithmenos
Elyvilon
Fedhas
Hepliaklqana
Makhleb
Nemelex Xobeh
Okawaru
Qazlal
Ru
Sif Muna
Trog
Uskayaw
Vehumet
Wu Jian
Yredelemnul
The Shining One
Beogh


Innate Abilities, Weirdness & Mutations

You have claws for hands.
A weak demonic guardian rushes to your aid.
You are mostly covered in sharp spines.
When seriously injured, your bleeding wounds create very thick armour. (AC +12)


Message History

Lightning courses through the tengu warrior!
The tengu warrior is almost dead.
You closely miss the tengu warrior.
The tengu warrior hits you but does no damage.
The tengu warrior pecks you.
* * * LOW HITPOINT WARNING * * *
The tengu warrior closely misses you.
The tengu warrior hits you but does no damage.
The tengu warrior misses you.
The tengu warrior claws you but does no damage.
Unknown command.
You hit the tengu warrior.
You kill the tengu warrior!
Trog accepts your kill.
You hit the tengu warrior.
Lightning courses through the tengu warrior!
You miss the tengu warrior.
The tengu warrior is moderately wounded.
The tengu warrior hits you with a great mace.
You die...

*,,,,,,,,,* #..#
*,,,,,....# #..#
*,,,,,,...####..#########
*,,,,,,..................
*,,,,,,..................
*******#..######..#######
#.!# #..# #)Q# #..# #@5#
#..#
*#######..######..#######
*........................
*........................
*########..#####.........
#..# #.......≈≈ #..#
#.......≈# #..#
#.......≈#
****#####..#####.......≈#


You could see a tengu warrior and a friendly iron imp.

Vanquished Creatures
  Erolcha (D:9)
  A hydra (D:12)
  3 two-headed ogres
  A tengu warrior (D:13)
  The ghost of Hebeh the Destroyer, a novice DEFE of Vehumet (D:10)
  The ghost of sking99 the Cleaver, a novice DsGl of Uskayaw (D:6)
  An unseen horror (D:11)
  2 ugly things (D:13)
  A cyclops (D:13)
  A moth of wrath (shapeshifter) (D:13)
  2 centaur zombies (D:12)
  A gargoyle (D:10)
  3 komodo dragons
  A merfolk (D:13)
  3 trolls
  A slime creature (D:9)
  A hornet (D:10)
  2 hippogriffs (D:11)
  2 vampires
  2 wraiths
  10 yaks (D:10)
  A hungry ghost (D:13)
  Eustachio (D:5)
  Edmund (D:5)
  A water moccasin (D:10)
  A hornet zombie (D:7)
  11 orc warriors
  2 ice beasts
  4 sky beasts
  2 ogres
  A phantom (D:4)
  A necrophage (D:9)
  5 centaurs
  4 bullfrogs
  2 wyvern skeletons
  10 killer bees
  9 wights
  9 howler monkeys
  6 crimson imps
  5 quasits (D:6)
  8 orc priests
  12 jellies
  11 orc wizards
  3 centaur skeletons
  A hound (D:13)
  A bullfrog skeleton (D:10)
  3 iguanas
  9 worker ants
  A killer bee zombie (D:9)
  A hound skeleton (D:10)
  A howler monkey skeleton (D:7)
  A worker ant zombie (D:8)
  3 gnolls (D:4)
  18 adders
  3 shadow imps
  13 oozes
  3 worms
  4 dart slugs (D:3)
  2 leopard geckos
  60 orcs
  6 giant cockroaches
  4 hobgoblins
  4 jackals (D:1)
  23 kobolds
  3 quokkas
  3 bats (D:2)
  3 frilled lizards
  10 goblins
  A quokka skeleton (D:7)
  8 rats
340 creatures vanquished.

Vanquished Creatures (collateral kills)
  A centaur warrior (D:13)
  A centaur zombie (D:13)
  A troll (D:11)
  The ghost of Mgcat the Cudgeler, an amateur DrBe of Trog (D:4)
  A black bear (D:7)
  An ogre (D:4)
  A killer bee (D:7)
  A hound (D:4)
  A howler monkey skeleton (D:4)
  6 orcs
  A ball python (D:3)
  A giant cockroach (D:4)
17 creatures vanquished.

Vanquished Creatures (others)
  3 fungi (D:9)
  5 plants (D:11)
8 creatures vanquished.

Grand Total: 365 creatures vanquished

Notes
Turn   | Place    | Note
-------+----------+-------------------------------------------
     0 | D:1      | inmateoo the Demonspawn Wanderer began the quest for the Orb.
     0 | D:1      | inmateoo set off with: a +0 mace, a +0 robe, a ration
     0 | D:1      | Reached XP level 1. HP: 16/16 MP: 2/2
   240 | D:1      | Gained mutation: A weak demonic guardian rushes to your aid. [demonic ancestry]
   240 | D:1      | Reached XP level 2. HP: 11/22 MP: 4/4
   968 | D:2      | Found a shadowy altar of Dithmenos.
   983 | D:2      | Reached XP level 3. HP: 15/28 MP: 5/5
  1165 | D:2      | Found a shattered altar of Ashenzari.
  1315 | D:2      | Gained mutation: When seriously injured, your bleeding wounds create armour. (AC +12) [demonic ancestry]
  1315 | D:2      | Reached XP level 4. HP: 17/34 MP: 6/6
  2209 | D:3      | Gained mutation: You are partially covered in sharp spines. [demonic ancestry]
  2209 | D:3      | Reached XP level 5. HP: 13/41 MP: 8/8
  2923 | D:4      | Reached skill level 1 in Axes
  3321 | D:4      | Gained mutation: When seriously injured, your bleeding wounds create thick armour. (AC +12) [demonic ancestry]
  3321 | D:4      | Reached XP level 6. HP: 43/47 MP: 10/10
  3336 | D:4      | Reached skill level 2 in Axes
  3501 | D:4      | Found a runed gate.
  3502 | D:4      | Found a runed gate.
  3502 | D:4      | Found a runed gate.
  3503 | D:4      | Noticed an orc warrior
  3919 | D:4      | Reached skill level 3 in Axes
  3919 | D:4      | Gained mutation: You have sharp fingernails. [demonic ancestry]
  3919 | D:4      | Reached XP level 7. HP: 44/53 MP: 11/11
  4014 | D:4      | Noticed Mgcat's ghost (amateur DrBe)
  4016 | D:4      | Found a roughly hewn altar of Beogh.
  4255 | D:4      | Killed Mgcat's ghost
  4524 | D:4      | Got a scorched dagger {drain}
  4524 | D:4      | Got a spiked chain mail
  4543 | D:4      | Identified the +1 chain mail of Koomum {rF++ Dex-4} (You took it off an orc on level 4 of the Dungeon)
  4543 | D:4      | Identified the +3 dagger of the Crawling Thing {drain, *Drain rN+ Dex+3} (You took it off an orc on level 4 of the Dungeon)
  4587 | D:5      | Entered Level 5 of the Dungeon
  4611 | D:5      | Reached skill level 4 in Axes
  4765 | D:5      | Noticed Edmund
  4775 | D:5      | Killed Edmund
  4798 | D:5      | Found a sparkling altar of Nemelex Xobeh.
  5152 | D:5      | Noticed Eustachio
  5164 | D:5      | Killed Eustachio
  5164 | D:5      | Reached XP level 8. HP: 50/61 MP: 14/14
  5356 | D:6      | Noticed sking99's ghost (novice DsGl)
  5411 | D:6      | Reached skill level 5 in Fighting
  5411 | D:6      | Reached skill level 5 in Axes
  5417 | D:6      | Found a transporter.
  5571 | D:6      | Found the +6 Majin-Bo {vamp, Archmagi MP+6 Int+6}
  5695 | D:6      | Found a transporter.
  5771 | D:6      | Got a crystal rapier
  5772 | D:6      | Identified the +7 rapier of a Million Yaks {pierce, Str+3} (You found it on level 6 of the Dungeon)
  6164 | D:6      | Reached skill level 11 in Axes
  6164 | D:6      | Gained mutation: You are mostly covered in sharp spines. [demonic ancestry]
  6164 | D:6      | Reached XP level 9. HP: 68/68 MP: 15/15
  6167 | D:6      | Reached skill level 5 in Stealth
  6172 | D:6      | Killed sking99's ghost
  6269 | D:7      | Reached skill level 12 in Axes
  6269 | D:7      | Gained mutation: When seriously injured, your bleeding wounds create very thick armour. (AC +12) [demonic ancestry]
  6269 | D:7      | Reached XP level 10. HP: 56/75 MP: 17/17
  6292 | D:7      | Found a staircase to the Ecumenical Temple.
  6327 | Temple   | Entered the Ecumenical Temple
  6359 | Temple   | Became a worshipper of Trog the Wrathful
  6884 | D:8      | Noticed a two-headed ogre
  6897 | D:8      | Killed a two-headed ogre
  7460 | D:8      | Reached * piety under Trog
  7840 | D:9      | Found a basalt altar of Yredelemnul.
  7842 | D:9      | Found a stormy altar of Qazlal.
  7843 | D:9      | Found a hazy altar of Hepliaklqana.
  7867 | D:9      | Noticed Erolcha
  7873 | D:9      | Killed Erolcha
  7955 | D:9      | Reached ** piety under Trog
  8047 | D:9      | Found a staircase to the Orcish Mines.
  8061 | D:9      | Found a roughly hewn altar of Beogh.
  8138 | D:10     | Entered Level 10 of the Dungeon
  8190 | D:10     | Got a transparent quarterstaff
  8191 | D:10     | Identified the +9 quarterstaff of Gallantry {speed, rC+ Dex+4} (You found it on level 10 of the Dungeon)
  8210 | D:10     | Gained mutation: You have very sharp fingernails. [demonic ancestry]
  8210 | D:10     | Reached XP level 11. HP: 77/83 MP: 18/18
  8254 | D:10     | Reached skill level 13 in Axes
  8257 | D:10     | Reached *** piety under Trog
  8276 | D:10     | Found a runed door.
  8282 | D:10     | Noticed Hebeh's ghost (novice DEFE)
  8617 | D:10     | Noticed a two-headed ogre
  8624 | D:10     | Killed a two-headed ogre
  9103 | D:10     | Killed Hebeh's ghost
  9301 | D:11     | Reached **** piety under Trog
  9370 | D:11     | Found a staircase to the Lair.
  9915 | D:11     | Killed an unseen horror
 10738 | D:12     | Noticed a four-headed hydra
 10747 | D:12     | Killed a four-headed hydra
 10747 | D:12     | Reached skill level 14 in Axes
 10747 | D:12     | Gained mutation: You have claws for hands. [demonic ancestry]
 10747 | D:12     | Reached XP level 12. HP: 94/94 MP: 19/19
 11028 | D:13     | Found a flagged portal.
 11043 | Bailey   | Entered a bailey
 11425 | D:13     | Reached ***** piety under Trog
 11819 | D:13     | Noticed a two-headed ogre
 11819 | D:13     | Noticed a centaur warrior
 11822 | D:13     | Noticed a tengu warrior
 11826 | D:13     | Noticed a tengu warrior
 11827 | D:13     | Killed a two-headed ogre
 11827 | D:13     | Killed a centaur warrior
 11836 | D:13     | HP: 4/142 [tengu warrior/enchanted long sword (7)]
 11837 | D:13     | HP: 1/142 [tengu warrior/great mace[a tengu warrior] (3)]
 11838 | D:13     | Killed a tengu warrior
 11839 | D:13     | Slain by a tengu warrior

Vault maps used:
D:1:      elethiomel_arrival_maze
D:2:      grunt_dithmenos_smoke_and_mirrors, lemuel_coloured_pillars_altar,
          first_ration
D:4:      biasface_ghost_orc_armoury
D:5:      lemuel_crystal_altar, uniq_edmund, uniq_eustachio
D:6:      gammafunk_ghost_stat_death
D:7:      minmay_cornered_nines, minmay_temple_entry_mist
D:9:      lemuel_slime, minitemple, minmay_orc_entry_temple_small, uniq_erolcha
D:10:     ebering_ghost_reflecting_pool
D:11:     david_lair_shrubbed
D:13:     enter_bailey_3, hangedman_fish_farm
Temple:   nicolae_temple_elliptical
Bailey:   bailey_axe_1, bailey

Skill      XL: |  1  2  3  4  5  6  7  8  9 10 11 12 |
---------------+-------------------------------------+-----
Stealth        | 2 3 4 5 6 8 9 |  9.0
Maces & Flails | 2 |  2.2
Spellcasting   | 2 3 4 |  4.9
Fighting       | 3 4 5 6 8 9 |  9.3
Axes           | 1 3 4 11 12 14 | 14.7
Shields        | |  1.0
Earth Magic    | |  1.7
Poison Magic   | |  2.0

Action                   |  1- 3 |  4- 6 |  7- 9 | 10-12 || total
-------------------------+-------+-------+-------+-------++-------
Melee: Mace              |   104 |   101 |       |       ||   205
       Hand axe          |       |    46 |   104 |   484 ||   634
       Flail             |       |    32 |    41 |       ||    73
       Quarterstaff      |       |       |       |    10 ||    10
       Broad axe         |       |       |       |    65 ||    65
Throw: Tomahawk          |       |       |       |    40 ||    40
       Stone             |       |       |       |    13 ||    13
Invok: Berserk           |       |       |       |     3 ||     3
Evoke: Wand              |       |       |       |     7 ||     7
  Use: Scroll            |     8 |     9 |     5 |    11 ||    33
       Potion            |     2 |     1 |     1 |       ||     4
 Stab: Sleeping          |       |     3 |       |       ||     3
       Distracted        |       |       |     2 |     1 ||     3
       Confused          |       |       |       |     3 ||     3
  Eat: Chunk             |     1 |     9 |     4 |     9 ||    23
       Ration            |       |       |     1 |     3 ||     4
Armor: Leather armour    |    26 |    80 |    10 |       ||   116
       Ring mail         |     9 |       |       |       ||     9
       Chain mail        |    27 |       |    77 |   273 ||   377
Dodge: Dodged            |    75 |   109 |    65 |   232 ||   481

Table legend:
 A = Spawn XP
 B = Non-spawn XP
 C = Spawn XP percentage of total XP
 D = Spawn monster count
 E = Non-spawn monster count
 F = Spawn count percentage of total count
 G = Total turns spent on level
                    A         B        C        D         E        F      G
               +---------+---------+-------+---------+---------+-------+---------
         Total |       0 |   28008 |   0.0 |       0 |     357 |   0.0 | 11839
               +---------+---------+-------+---------+---------+-------+---------
           D:1 |       0 |      29 |   0.0 |       0 |      16 |   0.0 |   968
           D:2 |       0 |      98 |   0.0 |       0 |      16 |   0.0 |  1062
           D:3 |       0 |     161 |   0.0 |       0 |      32 |   0.0 |  1216
           D:4 |       0 |     916 |   0.0 |       0 |      32 |   0.0 |  1341
           D:5 |       0 |     391 |   0.0 |       0 |       7 |   0.0 |   654
           D:6 |       0 |    1619 |   0.0 |       0 |      33 |   0.0 |   990
           D:7 |       0 |    1035 |   0.0 |       0 |      26 |   0.0 |   595
           D:8 |       0 |    1439 |   0.0 |       0 |      15 |   0.0 |   771
           D:9 |       0 |    3049 |   0.0 |       0 |      51 |   0.0 |   483
          D:10 |       0 |    5850 |   0.0 |       0 |      32 |   0.0 |  1086
          D:11 |       0 |    4143 |   0.0 |       0 |      30 |   0.0 |  1056
          D:12 |       0 |    1737 |   0.0 |       0 |      11 |   0.0 |   729
          D:13 |       0 |    6874 |   0.0 |       0 |      24 |   0.0 |   526
        Bailey |       0 |     667 |   0.0 |       0 |      32 |   0.0 |   304
               +---------+---------+-------+---------+---------+-------+---------
